 Dungeon Crawl Stone Soup version 0.16-a0-3192-g4847bf6 (webtiles) character file.

183 Miyamura the Ducker (level 5, -6/41 HPs)
             Began as a Merfolk Ice Elementalist on Dec 17, 2014.
             Mangled by a gnoll (7 damage)
             ... on level 3 of the Dungeon.
             The game lasted 00:14:13 (3589 turns).

Miyamura the Ducker (Merfolk Ice Elementalist)      Turns: 3589, Time: 00:14:13

Health: -6/41      AC:  7    Str:  8    XL:     5   Next: 62%
Magic:  8/10       EV:  7    Int: 16    God:
Gold:   80         SH:  0    Dex: 14    Spells: 3 memorised, 3 levels left

rFire  . . .     SeeInvis .     k - +0 whip
rCold  . . .     Clarity  .     a - +0 robe
rNeg   . . .     SustAb   .     (no shield)
rPois  .         Gourm    .     (no helmet)
rElec  .         Spirit   .     (no cloak)
rCorr  .         Warding  .     (no gloves)
rMut   .         Stasis   .     (no boots)
MR     .....                    (no amulet)
Stlth  ++........               (no ring)
                                (no ring)

@: icy armour, held, not resistant to hostile enchantments, unstealthy
A: change form in water, swift swim
a: no special abilities


You were on level 3 of the Dungeon.
You were hungry.

You visited 1 branch of the dungeon, and saw 3 of its levels.

You collected 80 gold pieces.

Inventory:

Hand weapons
 k - a +0 whip (weapon)
Armour
 a - a +0 robe (worn)
 j - a +0 large shield
 y - a +2 pair of boots
Jewellery
 p - an uncursed ring of poison resistance {unknown}
 t - an uncursed ring of fire {unknown}
Scrolls
 d - 3 scrolls of remove curse {unknown}
 f - 2 scrolls of identify {unknown}
 g - a scroll of amnesia {unknown}
 i - 2 scrolls of immolation {unknown}
 n - a scroll of random uselessness {unknown}
 r - a scroll of enchant armour {unknown}
 u - a scroll of fog {unknown}
 v - a scroll of magic mapping {unknown}
Potions
 e - a potion of brilliance {unknown}
 h - a potion of cancellation {unknown}
 l - a potion of haste {unknown}
 m - a potion of curing {unknown}
 o - 3 potions of agility {unknown}
 s - a potion of might {unknown}
 x - a potion of flight {unknown}
Books
 b - a book of Frost

   Spells                             Type                      Level
   a - Freeze                         Ice                          1
   b - Throw Frost                    Conjuration/Ice              2
   c - Ozocubu's Armour               Charms/Ice                   3
   d - Throw Icicle                   Conjuration/Ice              4
   e - Summon Ice Beast               Ice/Summoning                4
   f - Condensation Shield            Ice                          4
Comestibles
 c - 2 bread rations
 q - 2 meat rations
 w - a fruit
 z - a beef jerky


   Skills:
 + Level 3.1 Fighting
 + Level 4.5 Dodging
 - Level 2.1 Stealth
 + Level 2.8 Spellcasting
 - Level 0.7 Conjurations
 + Level 4.1 Ice Magic


You had 3 spell levels left.
You knew the following spells:

 Your Spells              Type           Power        Failure   Level  Hunger
a - Freeze                Ice            ###.         4%          1    #......
b - Throw Frost           Conj/Ice       ##....       12%         2    ##.....
c - Ozocubu's Armour      Chrm/Ice       #.......     28%         3    ###....


Dungeon Overview and Level Annotations

Branches:
Dungeon (3/15)

Altars:
Kikubaaqudgha
Xom


Message History

The gnoll is heavily wounded.
The gnoll hits you with a whip. The gnoll hits you but does no damage.
You hit the gnoll.
The gnoll is severely wounded.
The gnoll hits you with a whip. The gnoll hits you.
You barely miss the gnoll.
The gnoll is severely wounded.
The gnoll misses you. The gnoll hits you. The gnoll hits you with a whip.
* * * LOW HITPOINT WARNING * * *
You are too injured to fight recklessly!
The gnoll throws a throwing net.
The throwing net hits you.
You become entangled in the net!
You see here a throwing net.
You try to slip out of the net.
The gnoll hits you.
* * * LOW HITPOINT WARNING * * *
You struggle to escape the net.
The gnoll hits you.
* * * LOW HITPOINT WARNING * * *
The gnoll hits you but does no damage.
You try to slip out of the net.
The gnoll hits you!
You die...

##########.##..............#
...........................#
...........................#
######...............>.....#
.............<.............#
.....#.....................#
..........................##
...#.##...................#
##.......<###...@g...####.#
######...........g...# #.#
#####..##......(.....####(#
........#.#..>.........##.#
..........###.#....###..#.#
.##.......# #.##...#....#.#
.##)......###.#...........#
###.)..#..................#
..<....#.#................##


You could see 2 gnolls.

Vanquished Creatures
  A hound (D:2)
  A centaur skeleton (D:3)
  A gnoll (D:2)
  4 adders
  2 worms
  2 giant geckos (D:1)
  3 oozes
  A bat zombie (D:2)
  6 giant cockroaches
  4 hobgoblins (D:1)
  4 jackals (D:3)
  8 kobolds
  A quokka (D:3)
  6 bats
  A giant newt (D:1)
  9 goblins
  9 rats
63 creatures vanquished.

Notes
Turn   | Place    | Note
--------------------------------------------------------------
     0 | D:1      | Miyamura, the Merfolk Ice Elementalist, began the quest for the Orb.
     0 | D:1      | Reached XP level 1. HP: 13/13 MP: 3/3
   400 | D:1      | Reached XP level 2. HP: 17/20 MP: 0/4
   442 | D:1      | Learned a level 2 spell: Throw Frost
   571 | D:1      | Reached skill level 1 in Fighting
  1211 | D:1      | Reached XP level 3. HP: 18/26 MP: 2/6
  1936 | D:2      | Found an ancient bone altar of Kikubaaqudgha.
  2055 | D:2      | Found a shimmering altar of Xom.
  2392 | D:2      | Reached XP level 4. HP: 9/34 MP: 0/8
  2860 | D:3      | Reached skill level 4 in Dodging
  2974 | D:3      | Reached XP level 5. HP: 28/40 MP: 0/9
  3219 | D:2      | Learned a level 3 spell: Ozocubu's Armour
  3588 | D:3      | HP: 1/41 [gnoll (6)]
  3589 | D:3      | Mangled by a gnoll

Action                   |  1- 3 |  4- 6 || total
-------------------------+-------+-------++-------
Melee: Unarmed           |     7 |       ||     7
       Whip              |    59 |    86 ||   145
 Cast: Freeze            |    56 |    32 ||    88
       Throw Frost       |     1 |     3 ||     4
       Ozocubu's Armour  |       |     5 ||     5
 Stab: Sleeping          |     1 |     1 ||     2
  Eat: Chunk             |     5 |     5 ||    10
